 Dungeon Crawl Stone Soup version 0.17-a0-744-gaa96792 (webtiles) character file.

5853 Turrel the Spear-Bearer (level 10, -7/63 HPs)
             Began as a Demonspawn Wizard on Apr 21, 2015.
             Was an Elder of Okawaru.
             Mangled by a yak (14 damage)
             ... on level 1 of the Lair of Beasts.
             The game lasted 00:56:29 (13204 turns).

Turrel the Spear-Bearer (Demonspawn Wizard)        Turns: 13204, Time: 00:56:29

Health: -7/63      AC: 10    Str: 10    XL:     10   Next: 52%
Magic:  5/14       EV: 10    Int: 24    God:    Okawaru [****..]
Gold:   788        SH:  0    Dex: 11    Spells: 7 memorised, 1 level left

rFire  + . .     SeeInvis +     J - +1 trident
rCold  . . .     Clarity  .     g - +0 leather armour {rF+}
rNeg   . . .     SustAb   .     (no shield)
rPois  .         Gourm    .     b - +0 hat
rElec  .         Spirit   .     o - +0 cloak
rCorr  .         Warding  .     (no gloves)
rMut   .         Stasis   .     e - +2 pair of boots
MR     .....                    (no amulet)
Stlth  ++........               A - +3 ring of strength
                                Q - ring of see invisible

@: very slightly contaminated, not resistant to hostile enchantments, unstealthy
A: claws 2, icy blue scales 2, demonic guardian 1, spiny 1
a: Heroism, Renounce Religion


You were on level 1 of the Lair of Beasts.
You worshipped Okawaru.
Okawaru was greatly pleased with you.
You were not hungry.

You visited 4 branches of the dungeon, and saw 13 of its levels.

You collected 788 gold pieces.

Inventory:

Hand weapons
 l - a +1 dagger of protection
 v - a +0 blowgun
 w - a +0 vampiric falchion
 J - a +1 trident (weapon)
 R - a +2 antimagic halberd
Missiles
 a - a throwing net
 f - 44 stones
 k - 189 arrows
 p - 50 poisoned needles
 H - 16 arrows of dispersal
 L - 5 steel tomahawks (quivered)
Armour
 b - a +0 hat (worn)
 e - a +2 pair of boots (worn)
 g - a +0 leather armour of fire resistance (worn)
 o - a +0 cloak (worn)
 I - the +3 ring mail of Minor Irritation {rCorr}
   (You found it on level 5 of the Dungeon)

   It protects you from acid and corrosion.
Jewellery
 m - an uncursed ring of wizardry {unknown}
 t - an uncursed ring of invisibility
 A - a +3 ring of strength (right claw)
 Q - a ring of see invisible (left claw)
 U - an uncursed ring of protection from fire {unknown}
Magical devices
 M - a wand of invisibility (3)
 Z - a wand of teleportation (7)
Scrolls
 i - 2 scrolls of teleportation
 j - 4 scrolls of blinking
 n - 3 scrolls of fear
 s - 3 scrolls of amnesia
 x - a scroll of enchant weapon
 B - 2 scrolls of remove curse
 C - a scroll of random uselessness
 D - 3 scrolls of identify
 F - 2 scrolls of magic mapping
 G - 3 scrolls of recharging
Potions
 q - 4 potions of curing {unknown}
 r - 2 potions of cure mutation {unknown}
 z - 3 potions of poison {unknown}
 E - a potion of heal wounds {unknown}
 N - 3 potions of magic {unknown}
 S - 2 potions of lignification {unknown}
Books
 c - a book of Minor Magic

   Spells                             Type                      Level
   a - Magic Dart                     Conjuration                  1
   b - Blink                          Translocation                2
   c - Call Imp                       Summoning                    2
   d - Repel Missiles                 Charms/Air                   2
   e - Slow                           Hexes                        2
   f - Conjure Flame                  Conjuration/Fire             3
   g - Mephitic Cloud                 Conjuration/Poison/Air       3
 y - a book of Fire

   Spells                             Type                      Level
   a - Ignite Poison                  Fire/Transmutation           5
   b - Fireball                       Conjuration/Fire             5
   c - Bolt of Fire                   Conjuration/Fire             6
   d - Delayed Fireball               Conjuration/Fire             7
   e - Ring of Flames                 Charms/Fire                  7
 T - a book of Party Tricks

   Spells                             Type                      Level
   a - Summon Butterflies             Summoning                    1
   b - Apportation                    Translocation                1
   c - Tukima's Dance                 Hexes                        3
   d - Alistair's Intoxication        Transmutation/Poison         4
   e - Invisibility                   Hexes                        6
 V - a book of Maledictions

   Spells                             Type                      Level
   a - Corona                         Hexes                        1
   b - Ensorcelled Hibernation        Hexes/Ice                    2
   c - Confuse                        Hexes                        3
   d - Tukima's Dance                 Hexes                        3
   e - Dazzling Spray                 Conjuration/Hexes            3
Comestibles
 d - 8 bread rations
 u - 5 meat rations
 O - 7 beef jerkies
 Y - a slice of pizza


   Skills:
 + Level 12.4 Polearms
 - Level 2.0 Dodging
 - Level 1.7 Stealth
 - Level 3.1 Spellcasting
 - Level 7.5 Conjurations
 - Level 1.0 Summonings
 - Level 0.8 Translocations


You had one spell level left.
You knew the following spells:

 Your Spells              Type           Power        Failure   Level  Hunger
a - Magic Dart            Conj           ####         1%          1    None
b - Blink                 Tloc           N/A          17%         2    ##.....
c - Mephitic Cloud        Conj/Pois/Air  ###.....     17%         3    ###....
d - Call Imp              Summ           #.......     17%         2    ##.....
e - Conjure Flame         Conj/Fire      ###.....     12%         3    ###....
f - Repel Missiles        Chrm/Air       #.....       24%         2    ##.....
g - Summon Butterflies    Summ           #.......     12%         1    None


Dungeon Overview and Level Annotations

Branches:
Dungeon (9/15)             Temple (1/1) D:4            Lair (1/8) D:9
    Orc (2/4) D:9

Altars:
Ashenzari
Cheibriados
Dithmenos
Elyvilon
Fedhas
Gozag
Kikubaaqudgha
Makhleb
Nemelex Xobeh
Okawaru
Qazlal
Ru
Sif Muna
Trog
Vehumet
Xom
Yredelemnul
Zin
The Shining One
Beogh


Innate Abilities, Weirdness & Mutations

You have very sharp fingernails.
You are mostly covered in icy blue scales (AC +3, EV -1).
A weak demonic guardian rushes to your aid.
You are partially covered in sharp spines.


Message History

The yak is almost dead.
The yak gores you!
* * * LOW HITPOINT WARNING * * *
Your crimson imp barely misses the yak.
Drink which item? (? for menu, Esc to quit)
Okay, then.
Evoke which item? (* to show all) (? for menu, Esc to quit)
Okay, then.
Your crimson imp hits the yak but does no damage.
Things that are here:
a river rat skeleton x2
Casting: Magic Dart
Confirm with . or Enter, or press ? or * to list all spells.
Aiming: Magic Dart
Press: ? - help, Shift-Dir - straight line, f/p - yak
Aim: a yak (almost dead)
The magic dart hits the yak.
The yak is almost dead.
The yak gores you!
You die...

###..#### #
####.....#.#.#
#.#...........
##........#
#...##...##
###
####.#####.÷.#
#.# ###.#.##
##÷5## P.#
.<#..## #.#Y##
#.# .....#
####@#####.#
######
##..##..#
#.†....####
##..††.†.P#
#.............
#..........[.
##...........
#..........#
#.......###


You could see a yak and a friendly crimson imp.

Vanquished Creatures
  The ghost of barthelme the Ducker, an experienced TrBe of Trog (D:7)
  A komodo dragon (Lair:1)
  A troll (Orc:1)
  A wraith (D:8)
  2 insubstantial wisps
  3 porcupines
  An ice beast (D:8)
  5 ogres
  A phantom (D:8)
  4 orc warriors
  4 sky beasts
  An eye of draining (D:7)
  3 centaurs
  2 giant frogs
  A gnoll sergeant (D:5)
  A scorpion (D:4)
  3 killer bees (D:9)
  A goliath beetle (D:8)
  3 crimson imps
  A jelly (D:8)
  6 hounds
  5 orc priests
  Crazy Yiuf (D:7)
  3 centaur skeletons
  6 orc wizards
  A quasit (Lair:1)
  5 worker ants
  3 iguanas
  4 hound skeletons
  2 hound zombies
  7 gnolls
  10 adders
  14 river rats (Lair:1)
  2 shadow imps
  5 worms
  An adder skeleton (D:6)
  5 giant geckos
  50 orcs
  2 ball pythons
  10 giant cockroaches
  16 hobgoblins
  7 jackals
  7 quokkas
  14 bats
  2 giant newts (D:1)
  3 giant spores
  12 goblins
  A jackal zombie (D:8)
  28 kobolds
  A quokka skeleton (D:6)
  18 rats
  10 ballistomycetes (D:9)
301 creatures vanquished.

Vanquished Creatures (collateral kills)
  An ice beast (D:6)
  2 sky beasts (D:8)
  An ogre (Orc:1)
  2 giant frogs
  A scorpion (D:7)
  A centaur zombie (D:7)
  A crimson imp (Lair:1)
  2 orc priests
  A hound (D:6)
  An iguana (D:7)
  2 orc wizards (D:5)
  3 gnolls
  3 orcs
  A hobgoblin (D:8)
  A butterfly (D:4)
23 creatures vanquished.

Vanquished Creatures (others)
  A steam dragon (D:8)
  6 quasits
  7 crimson imps
  3 iron imps
  9 white imps
  9 ufetubi
35 creatures vanquished.

Grand Total: 359 creatures vanquished

Notes
Turn   | Place    | Note
--------------------------------------------------------------
     0 | D:1      | Turrel, the Demonspawn Wizard, began the quest for the Orb.
     0 | D:1      | Reached XP level 1. HP: 13/13 MP: 4/4
   248 | D:1      | Gained mutation: You have sharp fingernails. [demonic ancestry]
   248 | D:1      | Reached XP level 2. HP: 19/19 MP: 0/6
   883 | D:1      | Gained mutation: You are partially covered in icy blue scales (AC +1). [demonic ancestry]
   883 | D:1      | Reached XP level 3. HP: 20/24 MP: 5/7
   887 | D:1      | Learned a level 2 spell: Blink
   891 | D:1      | Learned a level 3 spell: Mephitic Cloud
   894 | D:1      | Learned a level 2 spell: Call Imp
  1793 | D:2      | Gained mutation: You have very sharp fingernails. [demonic ancestry]
  1793 | D:2      | Reached XP level 4. HP: 30/30 MP: 4/8
  2126 | D:2      | Reached skill level 4 in Conjurations
  2845 | D:3      | Gained mutation: You are mostly covered in icy blue scales (AC +3, EV -1). [demonic ancestry]
  2845 | D:3      | Reached XP level 5. HP: 35/35 MP: 5/9
  3143 | D:3      | Reached skill level 5 in Conjurations
  3932 | D:4      | Gained mutation: A weak demonic guardian rushes to your aid. [demonic ancestry]
  3932 | D:4      | Reached XP level 6. HP: 41/41 MP: 7/10
  3933 | D:4      | Found a shimmering altar of Xom.
  4011 | D:4      | Reached skill level 6 in Conjurations
  4093 | D:4      | Noticed an ogre
  4108 | D:4      | Killed an ogre
  4236 | D:4      | Noticed a sky beast
  4274 | D:4      | Killed a sky beast
  4274 | D:4      | Reached skill level 7 in Conjurations
  4506 | D:4      | Learned a level 3 spell: Conjure Flame
  4665 | D:4      | Found a staircase to the Ecumenical Temple.
  4686 | Temple   | Entered the Ecumenical Temple
  4735 | Temple   | Became a worshipper of Warmaster Okawaru
  4882 | D:4      | Gained mutation: You are partially covered in sharp spines. [demonic ancestry]
  4882 | D:4      | Reached XP level 7. HP: 42/46 MP: 6/11
  5018 | D:5      | Entered Level 5 of the Dungeon
  5030 | D:5      | Got a pitted ring mail
  5041 | D:5      | Identified the +3 ring mail of Minor Irritation {rCorr} (You found it on level 5 of the Dungeon)
  5362 | D:5      | Reached skill level 1 in Polearms
  6132 | D:6      | Found an ancient bone altar of Kikubaaqudgha.
  6135 | D:6      | Found a burning altar of Makhleb.
  6229 | D:6      | Acquired Okawaru's first power
  6508 | D:6      | Reached XP level 8. HP: 52/52 MP: 3/12
  6597 | D:6      | Found a blossoming altar of Fedhas.
  7253 | D:7      | Noticed barthelme's ghost (experienced TrBe)
  7329 | D:7      | Reached skill level 5 in Polearms
  7459 | D:7      | Killed barthelme's ghost
  7822 | D:7      | Reached skill level 8 in Polearms
  7991 | D:7      | Reached XP level 9. HP: 46/57 MP: 2/13
  8328 | D:7      | Noticed Crazy Yiuf
  8366 | D:7      | Killed Crazy Yiuf
  8723 | D:7      | Reached skill level 9 in Polearms
  8964 | D:7      | Found a bloodstained altar of Trog.
  9343 | D:8      | Learned a level 2 spell: Repel Missiles
  9345 | D:8      | Learned a level 1 spell: Summon Butterflies
  9404 | D:8      | Reached skill level 10 in Polearms
  9432 | D:8      | Found a snail-covered altar of Cheibriados.
 10924 | D:9      | Reached skill level 11 in Polearms
 10949 | D:9      | Reached XP level 10. HP: 63/63 MP: 4/14
 11135 | D:9      | Noticed a centaur skeleton
 11168 | D:9      | Killed a centaur skeleton
 11239 | D:9      | Found a staircase to the Lair.
 11471 | D:9      | Found a glowing golden altar of the Shining One.
 11621 | D:9      | Found a staircase to the Orcish Mines.
 11863 | Orc:1    | Entered Level 1 of the Orcish Mines
 12057 | Orc:1    | Found a roughly hewn altar of Beogh.
 12617 | Orc:1    | Reached skill level 12 in Polearms
 12698 | Orc:2    | Noticed an orc warlord
 12883 | Lair:1   | Entered Level 1 of the Lair of Beasts
 13204 | Lair:1   | Mangled by a yak

Action                   |  1- 3 |  4- 6 |  7- 9 | 10-12 || total
-------------------------+-------+-------+-------+-------++-------
Melee: Short sword       |    35 |       |       |       ||    35
       Dagger            |    24 |    29 |       |       ||    53
       Trident           |       |       |   341 |   330 ||   671
 Fire: Blowgun           |       |    98 |     6 |     3 ||   107
Throw: Stone             |     7 |    14 |     1 |     3 ||    25
       Tomahawk          |       |       |    14 |    11 ||    25
       Throwing net      |       |       |       |     2 ||     2
 Cast: Magic Dart        |    93 |   142 |   198 |    50 ||   483
       Call Imp          |       |     3 |    11 |       ||    14
       Conjure Flame     |       |     1 |     7 |     1 ||     9
       Mephitic Cloud    |       |       |    29 |    26 ||    55
       Blink             |       |       |     3 |     1 ||     4
       Repel Missiles    |       |       |       |     1 ||     1
  Use: Scroll            |     1 |     6 |    12 |     1 ||    20
       Potion            |       |       |     1 |       ||     1
 Stab: Sleeping          |       |     4 |     1 |       ||     5
       Confused          |       |       |    13 |    14 ||    27
       Distracted        |       |       |     3 |       ||     3
  Eat: Chunk             |     3 |     9 |    14 |    11 ||    37
       Pizza             |       |       |     2 |       ||     2
       Bread ration      |       |       |     1 |       ||     1
